 Dungeon Crawl Stone Soup version 0.30.0-29-ga12c61a403 (webtiles) character file.

Game seed: 1873139363089116659

1061 H0rd4k the Cudgeller (level 8, 0/58 HPs)
             Began as a Human Artificer on June 7, 2023.
             Was an Initiate of Gozag.
             Succumbed to a water moccasin's poison
             ... on level 5 of the Dungeon.
             The game lasted 00:07:10 (5429 turns).

H0rd4k the Cudgeller (Human Artificer)              Turns: 5429, Time: 00:07:12

Health: 0/58       AC:  3    Str: 19    XL:     8   Next: 52%
Magic:  9/9        EV: 13    Int: 13    God:    Gozag
Gold:   290        SH:  0    Dex: 14    Spells: 9/9 levels left

rFire   . . .        t - +0 morningstar
rCold   . . .        (no shield)
rNeg    + . .        b - +0 leather armour
rPois   .            (no helmet)
rElec   .            (no cloak)
rCorr   .            (no gloves)
SInv    .            (no boots)
Will    .....        l - amulet of the acrobat
Stlth   ++           i - ring of positive energy
HPRegen 0.29/turn    a - +6 ring of strength
MPRegen 0.11/turn

%: acrobat
@: lethally poisoned (0 -> -23), gold aura
A: no striking features
a: Renounce Religion, Potion Petition, Call Merchant, Bribe Branch


You were on level 5 of the Dungeon.
You worshipped Gozag.
Gozag was aware of your devotion.
You visited 1 branch of the dungeon, and saw 5 of its levels.
You also visited: Sewer.

You collected 351 gold pieces.
You paid 61 gold pieces to Gozag.

Inventory:

Hand Weapons
 t - a +0 morningstar (weapon)
 C - a +2 sling of freezing
Missiles
 g - 31 poisoned darts (quivered)
 F - a throwing net
Armour
 b - a +0 leather armour (worn)
Magical Staves
 q - a staff of cold
Jewellery
 a - a +6 ring of strength (right hand)
 i - a ring of positive energy (left hand)
 l - an amulet of the acrobat (around neck)
 w - a ring of magical power
 y - a +6 ring of dexterity
Wands
 c - a wand of flame (16)
 d - a wand of charming (7)
 e - a wand of iceblast (1)
 v - a wand of roots (7)
Scrolls
 f - 3 scrolls of identify {unknown}
 h - a scroll of magic mapping {unknown}
 j - 2 scrolls of fear {unknown}
 o - 2 scrolls of poison {unknown}
 p - 3 scrolls of teleportation {unknown}
 r - a scroll of amnesia {unknown}
 s - a scroll of summoning {unknown}
 u - a scroll of immolation {unknown}
 x - 3 scrolls of fog {unknown}
 B - 2 scrolls of noise {unknown}
Potions
 k - 3 potions of flight
 m - 3 potions of brilliance
 n - 2 potions of heal wounds {unknown}
 z - a potion of might
 A - a potion of ambrosia {unknown}
 D - a potion of lignification {unknown}
 E - 2 potions of curing {unknown}


   Skills:
 + Level 3.3 Fighting
 - Level 5.2 Maces & Flails
 + Level 2.0 Throwing
 - Level 2.0 Armour
 + Level 4.2 Dodging
 + Level 3.1 Stealth
 * Level 1.2 Spellcasting
 + Level 4.6 Evocations


You had 9 spell levels left.
You didn't know any spells.
Your spell library contained the following spells:

 Spells                   Type           Power      Damage    Failure   Level
 Cigotuvi's Dreadful Rot  Necr/Pois/Air  0%         N/A       45%         2
 Vhi's Electric Charge    Tloc/Air       0%         N/A       69%         3
 Dispel Undead            Necr           0%         3d6       97%         4
 Arcjolt                  Conj/Air       0%         1d10      100%        5
 Death Channel            Necr           0%         N/A       100%        6
 Maxwell's Capacitive Co  Air            0%         ∞         100%        8


Dungeon Overview and Level Annotations

Branches:
Dungeon (5/15)             Temple (0/1) D:5           Sewer (visited)

Altars:
Ashenzari
Gozag
Hepliaklqana
Kikubaaqudgha
Trog
Wu Jian
The Shining One

Shops:
D:3 :   D:4 :   D:5 =


Message History

The water moccasin poisons you!
Aiming: Throw Flame
Press: ? - help, Shift-Dir - straight line, f - water moccasin
Aim: a water moccasin (moderately wounded, 57% to hit)
The puff of flame hits the water moccasin!
The water moccasin is severely wounded.
You feel very sick. The water moccasin bites you.
Aiming: Throw Flame
Press: ? - help, Shift-Dir - straight line, f/p - water moccasin
Aim: a water moccasin (severely wounded, 57% to hit)
The puff of flame hits the water moccasin.
The water moccasin is almost dead.
You feel very sick. The water moccasin bites you.
The water moccasin barely misses you.
Aiming: Throw Flame
Press: ? - help, Shift-Dir - straight line, f/p - water moccasin
Aim: a water moccasin (severely wounded, 57% to hit)
The puff of flame misses the water moccasin.
You feel very sick. The water moccasin bites you.
You are lethally poisoned!
The water moccasin poisons you!
Aiming: Throw Flame
Press: ? - help, Shift-Dir - straight line, f/p - water moccasin
Aim: a water moccasin (severely wounded, 57% to hit)
The puff of flame hits the water moccasin.
The water moccasin is almost dead.
* * * LOW HITPOINT WARNING * * *
You feel very sick. The water moccasin bites you.
* * * LOW HITPOINT WARNING * * *
Unknown command.
Aiming: Throw Flame
Press: ? - help, Shift-Dir - straight line, f/p - water moccasin
Aim: a water moccasin (almost dead, 57% to hit)
The puff of flame hits the water moccasin.
You kill the water moccasin!
You die...
Your body crumbles into a pile of gold.

#.# ####.##### #........#
#.##.###.## #.#.......#
#(#..###..#######
######...............#
#..........$#..#####.#
#.####....@....# #.# #.#
#.#...###.# #.# #.# #.#...# #.#
#.# #.# #.....###.# #.# #.#
###.......# #.# #.# ##...#####
#.#### ###.## ##.....## ##....#
####....###.......# #.###.#
##.......##........##########.##


There were no monsters in sight!

Vanquished Creatures
  Sigmund (D:3)
  A water moccasin (D:5)
  2 black bears
  An ogre (D:4)
  A phantom (D:5)
  A kobold brigand (Sewer)
  A scorpion (D:5)
  A crimson imp (D:5)
  2 hounds
  An orc priest (D:4)
  An iguana (D:4)
  2 orc wizards
  A river rat (Sewer)
  7 adders
  A white imp (D:5)
  3 worms
  2 dart slugs
  8 orcs
  5 endoplasms
  2 giant cockroaches
  11 goblins
  6 hobgoblins
  11 jackals
  A quokka (D:4)
  7 ball pythons
  2 bats
  2 frilled lizards
  9 kobolds
  9 rats
102 creatures vanquished.

Vanquished Creatures (collateral kills)
  An orc priest (D:4)
  Robin (D:3)
  A worm (D:2)
  2 orcs (D:4)
  3 hobgoblins
8 creatures vanquished.

Vanquished Creatures (others)
  An orc priest (D:4)
1 creature vanquished.

Grand Total: 111 creatures vanquished

Notes
Turn   | Place    | Note
-------+----------+-------------------------------------------
     0 | D:1      | H0rd4k the Human Artificer began the quest for the Orb.
     0 | D:1      | Reached XP level 1. HP: 15/15 MP: 1/1
   133 | D:1      | Found a faded altar of an unknown god.
   148 | D:1      | Reached XP level 2. HP: 21/21 MP: 2/2
   772 | D:2      | Reached XP level 3. HP: 10/26 MP: 3/3
  1510 | D:2      | Reached XP level 4. HP: 32/32 MP: 4/4
  1876 | D:3      | Reached skill level 1 in Maces & Flails
  1929 | D:3      | Noticed Sigmund
  1933 | D:3      | Killed Sigmund
  1934 | D:3      | Reached skill level 2 in Maces & Flails
  1934 | D:3      | Reached XP level 5. HP: 38/38 MP: 5/5
  1934 | D:3      | Reached XP level 6. HP: 44/44 MP: 6/6
  2077 | D:3      | Noticed Robin
  2082 | D:3      | Noticed a black bear
  2135 | D:3      | Killed Robin
  2201 | D:3      | HP: 2/44 [poisoned by an adder]
  2205 | D:3      | Found a glowing drain.
  2217 | Sewer    | Entered a sewer
  2437 | Sewer    | Reached skill level 3 in Maces & Flails
  2562 | Sewer    | Reached XP level 7. HP: 23/51 MP: 7/7
  3288 | D:3      | Found Lipta's Book Boutique.
  3301 | D:3      | Reached skill level 4 in Maces & Flails
  3301 | D:3      | Reached skill level 1 in Throwing
  3810 | D:4      | Found Ussor's Book Shoppe.
  3812 | D:4      | Found a glowing golden altar of the Shining One.
  4052 | D:4      | Reached XP level 8. HP: 57/57 MP: 8/8
  4083 | D:4      | Reached skill level 5 in Maces & Flails
  4164 | D:4      | Found a bloodstained altar of Trog.
  4171 | D:4      | Found an ancient bone altar of Kikubaaqudgha.
  4172 | D:4      | Found a hazy altar of Hepliaklqana.
  4173 | D:4      | Found an ornate altar of the Wu Jian Council.
  4175 | D:4      | Found a broken altar of Ashenzari.
  4176 | D:4      | Found an opulent altar of Gozag.
  4353 | D:4      | Became a worshipper of Gozag Ym Sagoz the Greedy
  4469 | D:5      | Entered Level 5 of the Dungeon
  5100 | D:5      | Found Wuob Mai's One-of-a-Kind Rings.
  5230 | D:5      | Reached skill level 1 in Spellcasting
  5323 | D:5      | Found a staircase to the Ecumenical Temple.
  5429 | D:5      | Succumbed to a water moccasin's poison

Illustrated notes

Levels and vault maps discovered:
D:1:      dpeg_arrival_solitude, layout_rooms, hellmonk_ecumenical_altar_run_dry
D:2:      layout_basic, corexii_hall_statues_t
D:3:      layout_basic, serial_shops, shop, portal_sewer_entry_d,
          wander_ebering_terrifying_dragon_lair, uniq_sigmund, uniq_robin
D:4:      layout_rooms, mainiacjoe_overflow_chevrons, minitemple, serial_shops,
          shop, minmay_misc_feat_chi, patterned_corridor
D:5:      layout_loops_corners, minmay_temple_entry_nine_rooms,
          nicolae_shop_unique_rings, minmay_fire_ice_demons, uniq_grinder

Skill      XL: |  1  2  3  4  5  6  7  8 |
---------------+-------------------------+-----
Evocations     | 4 |  4.6
Maces & Flails | 2 3 4 5 |  5.2
Fighting       | 2 3 |  3.3
Dodging        | 2 3 4 |  4.2
Stealth        | 2 3 |  3.1
Throwing       | 1 2 |  2.0
Spellcasting   | 1 |  1.2
Armour         | |  2.0

Action                     |  1- 3 |  4- 6 |  7- 9 || total
---------------------------+-------+-------+-------++-------
  Melee: Club              |    95 |    16 |       ||   111
         Punch             |     1 |       |     2 ||     3
         Morningstar       |       |   101 |   187 ||   288
  Throw: Dart              |     6 |     3 |    19 ||    28
  Evoke: Wand              |     9 |     8 |    11 ||    28
    Use: Potion            |       |     4 |       ||     4
   Stab: Sleeping          |     2 |       |     3 ||     5
 Armour: Leather armour    |    33 |    19 |    35 ||    87
  Dodge: Dodged            |    70 |    96 |   175 ||   341
